 Dungeon Crawl Stone Soup version 0.31-a0-1589-g8f5e8aebd6 (webtiles) character file.

Game seed: 13629592079567478623

47 Flugslaktarn the Apothecary (level 3, 16/21 HPs)
             Began as an Octopode Alchemist on Jan 6, 2024.
             Was a Follower of Okawaru.
             Quit the game on level 2 of the Dungeon.
             The game lasted 00:00:48 (281 turns).

Flugslaktarn the Apothecary (Octopode Alchemist)     Turns: 281, Time: 00:00:48

Health: 16/21      AC:  1    Str:  7    XL:     3   Next: 70%
Magic:  3/6        EV: 13    Int: 19    God:    Okawaru [*.....]
Gold:   42         SH:  0    Dex: 12    Spells: 6/7 levels left

rFire   . . .        d - +2 dagger (freeze)
rCold   . . .        (no shield)
rNeg    . . .        (helmet restricted)
rPois   .            (no amulet)
rElec   .            (no ring)
rCorr   .            (no ring)
SInv    .            (no ring)
Will    .....        (no ring)
Stlth   +++          (no ring)
HPRegen 0.23/turn    (no ring)
MPRegen 0.10/turn    (no ring)
                     (no ring)

%: no passive effects
@: no status effects
A: almost no armour, amphibious, 8 rings, camouflage 1, gelatinous body 1,
(nimble swimmer 1), tentacles
a: Renounce Religion, Heroism


You were on level 2 of the Dungeon.
You worshipped Okawaru.
Okawaru was aware of your devotion.
You visited 1 branch of the dungeon, and saw 2 of its levels.

You collected 42 gold pieces.

Inventory:

Hand Weapons
 d - a +2 dagger of freezing (weapon)
   (You took it off a kobold on level 1 of the Dungeon)
Scrolls
 b - a scroll of immolation
 c - a scroll of silence
 r - a scroll of identify
Potions
 a - a potion of magic


   Skills:
 - Level 2.0 Dodging
 - Level 2.6 Stealth
 + Level 2.6 Spellcasting
 - Level 1.0 Conjurations
 * Level 4.5 Alchemy


You had 6 spell levels left.
You knew the following spells:

 Your Spells              Type           Power      Damage    Failure   Level
a - Sting                 Conj/Alch      52%        1d6       4%          1

Your spell library contained the following spells:

 Spells                   Type           Power      Damage    Failure   Level
 Mercury Vapours          Alch/Air       22%        N/A       10%         2
 Mephitic Cloud           Conj/Alch/Air  9%         N/A       22%         3
 Olgreb's Toxic Radiance  Alch           19%        N/A       24%         4
 Sticky Flame             Fire/Alch      11%        2d5       52%         4


Dungeon Overview and Level Annotations

Branches:
Dungeon (2/15)

Altars:
Okawaru

Shops:
D:1 (


Innate Abilities, Weirdness & Mutations

You cannot wear most types of armour.
You are amphibious.
You can wear up to eight rings at the same time.
Your skin changes colour to match your surroundings (Stealth+).
Your rubbery body absorbs attacks. (AC +1, EV +1)
((You are camouflaged when in or above water. (Stealth+)))
You have tentacles for arms and can constrict up to eight enemies at once.


Message History

Magic restored.
Found a robe.
Found 2 gold pieces.
Found a sling.
Found a stone staircase leading down.
You now have 42 gold pieces (gained 2).
There is a stone staircase leading down here.
You climb downwards.
Found a scroll labelled BANTOC SIVVADE.
Found an escape hatch in the floor.
There is a stone staircase leading up here.
Unknown command.
Found a stone staircase leading up.
b - 2 scrolls labelled BANTOC SIVVADE (gained 1)
A ball python comes into view.
Unknown command.
As you read the scroll labelled BANTOC SIVVADE, it crumbles to dust.
It is a scroll of identify.
c - a scroll of silence;
r - a scroll of identify Unknown command.
A kobold comes into view. It is wielding a +0 dagger.
Found a scroll of immolation.
Found a faded altar of an unknown god.
Casting: Sting (safe; 7% risk of failure)
Confirm with . or Enter, or press ? or * to list all spells.
You can't see any susceptible monsters within range! (Use Z to cast anyway.) Natasha, Servant of Life and Death comes into view.
The ball python hisses angrily.
You hear a shout!
There is a faded altar of an unknown god here.
You see here a scroll of immolation.
b - a scroll of immolation Natasha hisses angrily.
Casting: Sting (safe; 7% risk of failure)
Confirm with . or Enter, or press ? or * to list all spells.
Aiming: Sting (safe; 7% risk of failure)
Press: ? - help, Shift-Dir - straight line, f - Natasha
Aim: Natasha (64% to hit)
The sting misses Natasha.
Natasha closely misses you.
You completely miss Natasha. You grab Natasha.
You constrict Natasha, but do no damage.
Natasha casts a spell at you. The magic dart hits you.
You hit Natasha. You freeze Natasha.
Natasha is moderately wounded.
You constrict Natasha, but do no damage.
Natasha misses you.
Casting: Sting (safe; 7% risk of failure)
Confirm with . or Enter, or press ? or * to list all spells.
Aiming: Sting (safe; 7% risk of failure)
Press: ? - help, Shift-Dir - straight line, f/p - Natasha
Aim: Natasha (moderately wounded, constricted by you, 94% to hit)
The sting hits Natasha.
Natasha is poisoned.
Natasha is heavily wounded.
You constrict Natasha, but do no damage.
The ball python closely misses you. The ball python grabs you.
The ball python constricts you. Natasha misses you.
Casting: Sting (safe; 7% risk of failure)
Confirm with . or Enter, or press ? or * to list all spells.
Aiming: Sting (safe; 7% risk of failure)
Press: ? - help, Shift-Dir - straight line, f/p - Natasha
Aim: Natasha (heavily wounded, constricted by you, poisoned, 94% to hit)
The sting hits Natasha.
Natasha looks even sicker.
Natasha is severely wounded.
You constrict Natasha. The ball python closely misses you.
The ball python constricts you. Natasha misses you. The ball python bites you.
The ball python constricts you.
You hit the ball python.
The ball python seems to slow down.
You freeze the ball python.
You kill the ball python!
You constrict Natasha, but do no damage.
You kill Natasha!
Natasha screams in pain as she dies!
The kobold throws a stone.
The stone completely misses you.
You have reached level 3!
Your experience leads to an increase in your attributes!
Increase (s)trength, (i)ntelligence, or (d)exterity?
You feel clever. x2
Unknown command.
The kobold throws a stone.
The stone hits you.
You see here a ball python corpse.
Casting: Sting (safe; 4% risk of failure)
Confirm with . or Enter, or press ? or * to list all spells.
Aiming: Sting (safe; 4% risk of failure)
Press: ? - help, Shift-Dir - straight line, f - kobold
Aim: a kobold, wielding a +0 dagger and quivering stones (64% to hit)
The sting hits the kobold.
The kobold is poisoned.
You kill the kobold!
Casting: Sting (safe; 4% risk of failure)
Confirm with . or Enter, or press ? or * to list all spells.
You can't see any susceptible monsters within range! (Use Z to cast anyway.)
Things that are here:
a +0 dagger; 5 stones; a kobold corpse
There is a faded altar of an unknown god here.
This altar belongs to (a) Sif Muna, (b) Vehumet or (c) Okawaru, but you can't tell which.
Press the corresponding letter to learn more about a god, or press enter to convert or escape to cancel.
Okay, then.
Found 7 stones.
Unknown command.
There is a faded altar of an unknown god here.
This altar belongs to (a) Sif Muna, (b) Vehumet or (c) Okawaru, but you can't tell which.
Press the corresponding letter to learn more about a god, or press enter to convert or escape to cancel.
Okawaru accepts your prayer! Okawaru welcomes you!
You can now gain great but temporary skills.
Are you sure you want to abandon this character and quit the game? (Confirm with "yes".)

#............#.#.
#.................
#................#
........##...+#..#...
.........#.....##.#.#
.###........)....#..#
# #..............#.##.
.........#......#....
##.#...#..†@......####
........†..##.......#.
.#...#.............(.
#.......#...........
...#..#..#...#.....
.......##....#.##.#
#..............#
#.###...##.##### ..
###. #.#


There were no monsters in sight!

Vanquished Creatures
  Natasha (D:2)
  A dart slug (D:1)
  2 ball pythons
  A bat (D:1)
  2 giant cockroaches (D:1)
  A goblin (D:1)
  2 hobgoblins (D:1)
  4 jackals (D:1)
  A frilled lizard (D:1)
  3 kobolds
  2 rats (D:1)
20 creatures vanquished.

Notes
Turn   | Place    | Note
-------+----------+-------------------------------------------
     0 | D:1      | Flugslaktarn the Octopode Alchemist began the quest for the
                  | Orb.
     0 | D:1      | Reached XP level 1. HP: 11/11 MP: 3/3
    88 | D:1      | Found Minloshefao's Weapon Boutique.
    99 | D:1      | Reached XP level 2. HP: 5/17 MP: 0/5
   180 | D:1      | Reached skill level 4 in Alchemy
   241 | D:2      | Found a faded altar of an unknown god.
   246 | D:2      | Noticed Natasha
   258 | D:2      | Killed Natasha
   259 | D:2      | Reached XP level 3. HP: 12/21 MP: 2/6
   280 | D:2      | Prayed at the altar of an unknown god.
   280 | D:2      | Became a worshipper of Warmaster Okawaru
   280 | D:2      | Reached * piety under Okawaru
   281 | D:2      | Quit the game

Illustrated notes

Levels and vault maps discovered:
D:1:      amcnicky_arrival_abandoned_market, layout_rooms, serial_shops, shop
D:2:      layout_basic, hellmonk_ecumenical_altar_blasted, uniq_natasha

Skill      XL: |  1  2 |
---------------+-------+-----
Alchemy        | 4 |  4.5
Dodging        | |  2.0
Stealth        | |  2.6
Spellcasting   | |  2.6
Conjurations   | |  1.0

Action                     || total
---------------------------++-------
  Melee: Unarmed           ||    12
         Constrict         ||     7
         Tentacles         ||     4
         Dagger            ||    22
   Cast: Sting             ||    14
    Use: Scroll            ||     1
 Armour: Skin              ||    25
  Dodge: Dodged            ||    34

Table legend: (Time is in decaauts)
 A = Elapsed time spent in this place.
 B = Non-inter-level travel time spent in this place.
 C = Inter-level travel time spent in this place.
 D = Time resting spent in this place.
 E = Time spent auto-exploring this place.
 F = Levels seen in this place.
 G = Mean time per level.
                   A        B        C        D        E       F      G
               +--------+--------+--------+--------+--------+-----+--------+
         Total |    280 |    280 |      0 |     10 |    121 |   2 |  140.0 |
       Dungeon |    280 |    280 |      0 |     10 |    121 |   2 |  140.0 |
               +--------+--------+--------+--------+--------+-----+--------+

Top non-repeatable levels by time:
     D:1: 231 daAuts
     D:2: 48 daAuts
